 Dungeon Crawl Stone Soup version 0.29.1-4-g47bece8355 (webtiles) character file.

Game seed: 10441094448809851557

72807 KittyFluff the Warrior (level 15, -2/106 HPs)
             Began as a Gargoyle Berserker on Dec 6, 2022.
             Was the Champion of Trog.
             Engulfed by a cloud of flame (7 damage)
             ... in an ice cave.
             The game lasted 02:13:45 (23204 turns).

KittyFluff the Warrior (Gargoyle Berserker)        Turns: 23204, Time: 02:13:45

Health: -2/106     AC: 24    Str: 41    XL:     15   Next: 41%
Magic:  5/5        EV: 19    Int:  7    God:    Trog [******]
Gold:   1402       SH:  7    Dex: 23    Spells: 14/14 levels left

rFire   . . .      SeeInvis +   N - +9 eveningstar (antimagic)
rCold   + + +      Faith    .   E - +0 buckler
rNeg    + . .      Spirit   .   W - +1 leather armour of the Old and Reckless {rC+++ Dex+7}
rPois   ∞          Reflect  .   w - +2 helmet {SInv}
rElec   +          Harm     .   O - scarf {repulsion}
rCorr   .          Rampage  .   e - +1 pair of gloves of Aheg {rC- Str+4 Dex+3}
Will    +....                   g - +1 pair of boots
Stlth   +++.......              a - amulet of the Dragon {rC+ Regen+}
HPRegen 1.07/turn               V - +6 ring of strength
MPRegen 0.09/turn               f - +6 ring of strength

@: flying, repel missiles
A: sickness immunity, AC +11, big wings, negative energy resistance 1,
electricity resistance, torment resistance 1, petrification resistance
a: Renounce Religion, Berserk, Trog's Hand, Brothers in Arms


You were in an ice cave.
You worshipped Trog.
Trog was exalted by your worship.
You visited 2 branches of the dungeon, and saw 20 of its levels.
You also visited: Gauntlet and Ice Cave.

You collected 1402 gold pieces.

Inventory:

Hand Weapons
 u - a +0 sling of flaming
 N - a +9 antimagic eveningstar (weapon)
Missiles
 k - 104 stones (quivered)
 n - 6 boomerangs
 o - 6 javelins
 t - 29 poisoned darts
 y - 5 atropa-tipped darts
 H - 4 silver javelins
 S - 4 datura-tipped darts
Armour
 e - the +1 pair of gloves of Aheg (worn) {rC- Str+4 Dex+3}
   (You found it in a Gauntlet)

   Str:       It affects your strength (+4).
   Dex:       It affects your dexterity (+3).
   rC:        It makes you vulnerable to cold.
 g - a +1 pair of boots (worn)
 w - a +2 helmet of see invisible (worn)
 E - a +0 buckler (worn)
 M - a +2 pair of gloves of dexterity
 O - a scarf of repulsion (worn)
 W - the +1 leather armour of the Old and Reckless (worn) {rC+++ Dex+7}
   (You found it on level 2 of the Lair of Beasts)

   Dex:       It affects your dexterity (+7).
   rC:        It renders you almost immune to cold.
Jewellery
 a - the amulet of the Dragon (around neck) {rC+ Regen+}
   (You found it in a Gauntlet)

   [amulet of regeneration]

   rC:        It protects you from cold.
   Regen:     It increases your rate of health regeneration.
 f - a +6 ring of strength (right hand)
 A - an amulet of reflection
 B - a +4 ring of protection
 J - a ring of willpower
 V - a +6 ring of strength (left hand)
Wands
 F - a wand of paralysis (14)
 K - a wand of mindburst (36)
 Q - a wand of digging (4)
 U - a wand of flame (30)
Scrolls
 l - a scroll of fog
 p - 5 scrolls of poison
 x - 7 scrolls of immolation
 G - a scroll of silence
 L - 4 scrolls of blinking
Potions
 b - 11 potions of curing
 h - 2 potions of flight {unknown}
 i - 12 potions of heal wounds
 j - a potion of lignification
 q - 3 potions of resistance
 r - 4 potions of ambrosia {unknown}
 v - 3 potions of berserk rage {unknown}
 C - a potion of attraction
 D - 3 potions of haste
 R - a potion of mutation
 X - a potion of cancellation {unknown}
 Z - 4 potions of might
Miscellaneous
 m - a phial of floods


   Skills:
 * Level 16.8 Fighting
 + Level 15.5 Maces & Flails
 + Level 0.2 Ranged Weapons
 + Level 3.4 Throwing
 + Level 8.8 Armour
 + Level 9.9 Dodging
 + Level 5.7 Stealth
 + Level 7.3 Shields
 + Level 0.1 Evocations


You had 14 spell levels left.
You didn't know any spells.
Your spell library was empty.

Dungeon Overview and Level Annotations

Branches:
Dungeon (15/15)            Temple (0/1) D:5            Lair (5/5) D:9
 Shoals (0/4) Lair:2       Spider (0/4) Lair:2        Slime (0/5) Lair:4
    Orc (0/2) D:11         Vaults (0/5) D:14         Depths (0/4) D:15
  IceCv (1/1)             Gauntlet (visited)

Altars:
Ashenzari
Fedhas
Gozag
Hepliaklqana
Makhleb
Qazlal
Trog
Uskayaw
Vehumet
Yredelemnul
Jiyva


Innate Abilities, Weirdness & Mutations

You are immune to sickness and miasma.
Your stone body is resilient. (AC +11)
You are immune to poison.
Your large and strong wings let you fly.
You resist negative energy. (rN+)
You are resistant to electric shocks. (rElec)
You are resistant to unholy torment.
You are immune to petrification.


Message History

Flame seeps out of the caustic shrike simulacrum.
The caustic shrike simulacrum is lightly damaged.
The fiery explosion engulfs the harpy simulacrum!!!
The harpy simulacrum melts!
The harpy simulacrum vaporises!
Trog accepts your kill.
You hear a sizzling sound!
The fiery explosion engulfs the caustic shrike simulacrum!!!!
The caustic shrike simulacrum melts!
Trog accepts your kill. The fiery explosion engulfs you.
The fiery explosion engulfs the freezing wraith!!!!
The freezing wraith is burned terribly!
Trog accepts your kill.
The fiery explosion engulfs the dire elephant simulacrum!!!
The dire elephant simulacrum melts!
Trog accepts your kill.
The fiery explosion engulfs the ettin simulacrum!!!!
The ettin simulacrum melts!
Trog accepts your kill.
The ettin simulacrum explodes!
The fiery explosion engulfs the caustic shrike simulacrum!!
The caustic shrike simulacrum melts!
Flame seeps out of the caustic shrike simulacrum.
The caustic shrike simulacrum is severely damaged.
The fiery explosion engulfs the dire elephant simulacrum!!!
The dire elephant simulacrum melts!
Trog accepts your kill.
The dire elephant simulacrum explodes!
The fiery explosion engulfs the caustic shrike simulacrum!!
The caustic shrike simulacrum melts!
Trog accepts your kill.
The caustic shrike simulacrum explodes!
The dire elephant simulacrum explodes!
The freezing wraith explodes!
The caustic shrike simulacrum explodes!
The golden dragon simulacrum explodes!
The fiery explosion engulfs you!!!
* * * LOW HITPOINT WARNING * * *
The ettin simulacrum explodes!
You are engulfed in blazing flames.
You die...

####### ###
#.....## ..")
#......## §§§..
#......§#§§§§..
#.∩..∩.@§§§§§§.
#......§#○§§§..
#......## §§§..
#.....## ..[$
####### ###


There were no monsters in sight!

Vanquished Creatures
  Gastronok (D:9)
  6 slime creatures
  A minotaur (Gauntlet)
  A fire dragon (Lair:5)
  2 boulder beetles
  An ogre mage (D:14)
  3 caustic shrike simulacra (IceCv)
  3 vault guards (D:14)
  6 hydras
  A catoblepas (Lair:3)
  6 centaur warriors
  A merfolk avatar (Lair:5)
  2 two-headed ogres
  6 death yaks
  A tengu warrior (D:14)
  A deep elf knight (D:14)
  Nergalle (Lair:1)
  The ghost of jaham0 the Reanimator, a novice DsNe of Xom (D:8)
  Lodul (D:11)
  A sea snake (Lair:5)
  2 glowing orange brains (Gauntlet)
  2 orc knights (D:14)
  A wizard (D:14)
  2 harpies (Lair:5)
  10 ugly things
  2 deep elf pyromancers
  2 cyclopes
  A manticore (D:7)
  Maurice (D:8)
  Joseph (Lair:1)
  3 merfolk sirens (Lair:2)
  2 black mambas
  14 elephants
  2 torpor snails (Lair:2)
  4 gargoyles
  An unseen horror zombie (D:8)
  12 cane toads
  13 rime drakes
  2 efreet (D:13)
  8 komodo dragons
  A freezing wraith (IceCv)
  A golden dragon simulacrum (IceCv)
  5 trolls
  A merfolk (Lair:2)
  2 polar bears
  2 hornets (Lair:5)
  5 blink frogs
  A centaur simulacrum (Gauntlet)
  5 shadows
  Sigmund (D:3)
  2 culicivoras (Lair:2)
  The ghost of javelincjr the Conjurer, an amateur DECj of Sif Muna (D:7)
  5 wyverns
  2 wraiths
  2 jumping spiders (Lair:2)
  A vampire (D:12)
  2 dire elephant simulacra (IceCv)
  24 yaks
  3 basilisks
  12 steam dragons
  A redback (Lair:2)
  A harpy simulacrum (IceCv)
  2 acid dragons
  Edmund (D:6)
  2 hydra simulacra
  4 orc warriors
  10 water moccasins
  2 ettin simulacra (IceCv)
  A swamp drake (D:11)
  An ice beast (D:5)
  9 ogres
  15 wolves
  19 centaurs
  10 bullfrogs
  A kobold brigand (D:9)
  A scorpion (D:5)
  A wyvern zombie (D:8)
  8 necrophages
  5 wights (D:6)
  16 killer bees
  8 howler monkeys
  A lava snake (D:13)
  5 hounds
  3 jellies
  3 gnoll boudas
  15 orc priests
  3 iguanas
  22 orc wizards
  A boggart simulacrum (Gauntlet)
  A howler monkey zombie (D:8)
  15 gnolls
  6 adders
  A white imp (D:7)
  2 ufetubi
  2 dart slugs
  55 orcs
  6 ball pythons
  7 bats
  11 endoplasms
  6 giant cockroaches
  6 hobgoblins (D:1)
  5 jackals
  8 kobolds
  2 frilled lizards
  7 goblins
  7 rats
  A bush (D:8)
528 creatures vanquished.

Vanquished Creatures (others)
  A troll (D:9)
  A steam dragon (Lair:5)
  2 orc wizards
  A bush (D:8)
  4 demonic plants (Gauntlet)
  25 fungi
  57 plants
  14 toadstools (D:1)
105 creatures vanquished.

Grand Total: 633 creatures vanquished

Notes
Turn   | Place    | Note
-------+----------+-------------------------------------------
     0 | D:1      | KittyFluff the Gargoyle Berserker began the quest for the
                  | Orb.
     0 | D:1      | Reached XP level 1. HP: 14/14 MP: 1/1
   146 | D:1      | Reached XP level 2. HP: 17/20 MP: 2/2
   487 | D:1      | Reached skill level 4 in Fighting
   487 | D:1      | Reached XP level 3. HP: 24/24 MP: 3/3
   776 | D:2      | Reached ** piety under Trog
   780 | D:2      | Reached XP level 4. HP: 30/30 MP: 4/4
  1519 | D:3      | Reached XP level 5. HP: 28/34 MP: 5/5
  1787 | D:3      | Reached skill level 1 in Stealth
  1997 | D:3      | Noticed Sigmund
  2004 | D:3      | Killed Sigmund
  2005 | D:3      | Reached skill level 5 in Fighting
  2005 | D:3      | Reached XP level 6. HP: 40/40 MP: 6/6
  2320 | D:4      | Reached skill level 5 in Maces & Flails
  2494 | D:4      | Reached *** piety under Trog
  2884 | D:4      | Reached XP level 7. HP: 40/44 MP: 7/7
  2970 | D:5      | Entered Level 5 of the Dungeon
  3342 | D:5      | Found a staircase to the Ecumenical Temple.
  3540 | D:5      | Reached skill level 6 in Fighting
  4024 | D:6      | Reached XP level 8. HP: 44/51 MP: 8/8
  4633 | D:6      | Reached skill level 1 in Shields
  4667 | D:6      | Reached skill level 7 in Fighting
  5049 | D:6      | Noticed Edmund
  5086 | D:6      | Killed Edmund
  5087 | D:6      | Reached XP level 9. HP: 18/57 MP: 9/9
  5302 | D:6      | Found a hazy altar of Hepliaklqana.
  5500 | D:6      | Reached skill level 5 in Dodging
  5796 | D:7      | Found a runed translucent door.
  5796 | D:7      | Noticed javelincjr's ghost (amateur DECj)
  5797 | D:7      | Noticed a manticore
  6407 | D:7      | HP: 1/87 [steam dragon] (4)]
  6950 | D:7      | Found a burning altar of Makhleb.
  6956 | D:7      | Noticed a green death
  7077 | D:8      | Reached skill level 8 in Fighting
  7886 | D:8      | Reached **** piety under Trog
  8440 | D:7      | Killed a manticore
  8441 | D:7      | Reached skill level 1 in Throwing
  8441 | D:7      | Reached XP level 10. HP: 59/65 MP: 10/10
  8447 | D:7      | Killed javelincjr's ghost
  8787 | D:8      | Found a large runed translucent door.
  8789 | D:8      | Found a large runed translucent door.
  8802 | D:8      | Noticed jaham0's ghost (novice DsNe)
  8874 | D:8      | Killed jaham0's ghost
  9018 | D:8      | Noticed Maurice
  9048 | D:8      | Noticed a deep elf pyromancer
  9055 | D:8      | Killed a deep elf pyromancer
  9056 | D:8      | Reached skill level 9 in Fighting
  9153 | D:8      | Found a blossoming altar of Fedhas.
  9527 | D:8      | Found a basalt altar of Yredelemnul.
  9585 | D:8      | Killed Maurice
  9822 | D:9      | Found a staircase to the Lair.
  9863 | D:9      | Noticed Gastronok
  9883 | D:9      | Killed Gastronok
  9884 | D:9      | Reached skill level 10 in Maces & Flails
  9884 | D:9      | Reached XP level 11. HP: 72/72 MP: 11/11
  9991 | D:9      | Found a stormy altar of Qazlal.
 10014 | D:9      | Reached skill level 10 in Fighting
 10286 | D:9      | Noticed a deep elf pyromancer
 10317 | D:9      | Killed a deep elf pyromancer
 11418 | D:10     | Entered Level 10 of the Dungeon
 11522 | D:10     | Found a hide-covered altar of Uskayaw.
 11560 | D:10     | Reached ***** piety under Trog
 11598 | D:10     | You fall into a shaft and drop 2 floors!
 11690 | D:12     | Noticed a centaur warrior
 11867 | D:11     | Noticed a boulder beetle
 11880 | D:12     | Noticed a cyclops
 11890 | D:12     | Killed a cyclops
 12103 | D:10     | Found a broken altar of Ashenzari.
 12280 | D:10     | Reached skill level 11 in Fighting
 12321 | D:10     | Found a radiant altar of Vehumet.
 12620 | D:11     | Reached skill level 5 in Shields
 12751 | D:11     | Found a staircase to the Orcish Mines.
 12769 | D:11     | Noticed Lodul
 12899 | D:11     | Killed a boulder beetle
 12928 | D:11     | Reached XP level 12. HP: 80/80 MP: 12/12
 13333 | D:11     | Killed Lodul
 13550 | Lair:1   | Entered Level 1 of the Lair of Beasts
 13610 | Lair:1   | Found a gate leading to a gauntlet.
 13640 | Gauntlet | Entered a Gauntlet
 13640 | Gauntlet | Found a transporter.
 13645 | Gauntlet | Found a transporter.
 13658 | Gauntlet | Found a transporter.
 13662 | Gauntlet | Found a transporter.
 13674 | Gauntlet | Found a transporter.
 13695 | Gauntlet | Found a transporter.
 13711 | Gauntlet | Found a transporter.
 13715 | Gauntlet | Found a transporter.
 13751 | Gauntlet | Found a transporter.
 13751 | Gauntlet | Noticed a green death
 13756 | Gauntlet | Found a transporter.
 13759 | Gauntlet | Found a transporter.
 13773 | Gauntlet | Found a transporter.
 13932 | Gauntlet | Noticed a soul eater
 13943 | Gauntlet | Noticed an eight-headed hydra
 13968 | Gauntlet | Paralysed by a floating eye for 2 turns
 13973 | Gauntlet | Noticed a death scarab
 14006 | Gauntlet | Identified the amulet of the Dragon {rC+ Regen+}
 14040 | Gauntlet | Identified the +1 pair of gloves of Aheg {rC- Str+4 Dex+3}
 14053 | Gauntlet | Identified the ring of Uzunil {rPois SInv}
 14088 | Gauntlet | Noticed a minotaur
 14099 | Gauntlet | Killed a minotaur
 14154 | Gauntlet | Identified the +0 helmet of Pyntotz {Contam Rampage rPois
                  | rN+++}
 14383 | Lair:1   | Reached skill level 12 in Fighting
 14588 | Lair:1   | Reached skill level 5 in Armour
 14596 | Lair:1   | Noticed Nergalle
 14624 | Lair:1   | Killed Nergalle
 14844 | Lair:1   | Noticed an eight-headed hydra
 14855 | Lair:1   | Killed an eight-headed hydra
 15312 | Lair:1   | Noticed Joseph
 15331 | Lair:1   | Killed Joseph
 15415 | Lair:2   | Noticed an eight-headed hydra
 15428 | Lair:2   | Killed an eight-headed hydra
 15429 | Lair:2   | Reached skill level 13 in Fighting
 15429 | Lair:2   | Reached XP level 13. HP: 49/88 MP: 13/13
 15587 | Lair:2   | Identified the +1 leather armour of the Old and Reckless
                  | {rC+++ Dex+7}
 16036 | Lair:2   | Found a hole to the Spider Nest.
 16130 | Lair:2   | Received a gift from Trog
 16239 | Lair:2   | Found a staircase to the Shoals.
 16968 | Lair:3   | Reached skill level 14 in Fighting
 16993 | Lair:3   | Found a bloodstained altar of Trog.
 17267 | Lair:3   | Reached skill level 5 in Stealth
 17458 | Lair:4   | Found a staircase to the Slime Pits.
 17496 | Lair:4   | Gained mutation: Your large and strong wings let you fly.
                  | [Gargoyle growth]
 17496 | Lair:4   | Reached XP level 14. HP: 72/96 MP: 14/14
 17981 | Lair:4   | Found a viscous altar of Jiyva.
 18147 | Lair:5   | Entered Level 5 of the Lair of Beasts
 18459 | Lair:5   | Reached skill level 15 in Fighting
 19164 | Lair:5   | Identified the +1 robe "Haeggu" {Dex+4}
 19490 | Lair:5   | Reached ****** piety under Trog
 20228 | D:12     | Received a gift from Trog
 21108 | D:13     | Found an opulent altar of Gozag.
 21249 | D:13     | Reached skill level 16 in Fighting
 21772 | D:13     | Reached XP level 15. HP: 97/104 MP: 5/15
 22189 | D:14     | Reached skill level 15 in Maces & Flails
 23011 | D:14     | Found a gate to the Vaults.
 23083 | D:15     | Entered Level 15 of the Dungeon
 23166 | D:15     | Found a frozen archway.
 23196 | IceCv    | Entered an ice cave
 23204 | IceCv    | HP: 5/106 [spore (40)]
 23204 | IceCv    | Engulfed by a cloud of flame

Illustrated notes

Levels and vault maps discovered:
D:1:      nagdon_arrival_zigzag_paths, layout_loops_ring,
          nicolae_concentric_dashed_squares_mild
D:2:      layout_loops_ring
D:3:      layout_loops_ring, minmay_misc_feat_columns, kennysheep_nub,
          uniq_sigmund
D:4:      layout_basic
D:5:      layout_loops_corners, temple_hall, st_stairs_1
D:6:      layout_rooms, worldfamousw_hep_ancestral_shrine, uniq_edmund
D:7:      layout_basic, makhleb_altar_promises_db, ebering_ghost_inner_flame
D:8:      layout_basic, marbit_many_paths, fedhas_altar_decomposition,
          ebering_ghost_disaster_area, guppyfry_early_elven_hall, uniq_maurice
D:9:      layout_gridville, mainiacjoe_overflow_tiny_flanked, lair_entry_dummy,
          grunt_potential, uniq_gastronok
D:10:     layout_roguey, mainiacjoe_overflow_paths,
          nicolae_overflow_crystal_walls, ashenzari_conservatory_becter
D:11:     layout_cave_pools, erik_orc_1, uniq_lodul
D:12:     layout_roguey
D:13:     layout_basic, grunt_gozag_breadcrumbs
D:14:     layout_loops_ring, grunt_vaults_entry_fortified,
          grunt_decor_mini_mirrors
D:15:     hangedman_depths_entry_try_elsewhere_first, layout_loops_corners,
          portal_ice_cave_entry_pillars_four, dk_noncrumbling_4
Lair:1:   layout_cave_pods, gauntlet_entry_generic, enter_volcano_2,
          eino_small_chamber_without_monster, minivault_11, uniq_nergalle,
          uniq_joseph
Lair:2:   layout_regular_city, elwin_shoals_entry_stream,
          nicolae_spider_entry_tight_spaces, st_stairs_4
Lair:3:   layout_chaotic_city, basic_altar
Lair:4:   layout_regular_city, slime_entry_1, infiniplex_staircase_pool_2
Lair:5:   gammafunk_lair_ancient_temple, layout_cave_pods,
          bobbens_dragon_lair_wall
IceCv:    ice_cave_statue_garden_chambered

Skill      XL: |  1  2  3  4  5  6  7  8  9 10 11 12 13 14 15 |
---------------+----------------------------------------------+-----
Fighting       | 4 5 6 7 8 9 11 13 14 16 | 16.8
Maces & Flails | 4 5 6 7 8 10 11 12 14 15 | 15.5
Dodging        | 2 3 4 6 7 8 9 |  9.9
Stealth        | 1 2 3 4 5 |  5.7
Shields        | 1 3 4 5 6 7 |  7.3
Throwing       | 1 2 3 |  3.4
Armour         | 3 5 7 8 |  8.8
Ranged Weapons | |  0.2
Evocations     | |  0.1

Action                   |  1- 3 |  4- 6 |  7- 9 | 10-12 | 13-15 || total
-------------------------+-------+-------+-------+-------+-------++-------
Melee: Mace              |    66 |   165 |   659 |    12 |       ||   902
       Punch             |     1 |     4 |     7 |    12 |     9 ||    33
       Flail             |       |       |       |   767 |   195 ||   962
       Dire flail        |       |       |       |       |   485 ||   485
       Eveningstar       |       |       |       |       |   229 ||   229
 Fire: Shortbow          |       |       |     1 |       |       ||     1
Throw: Stone             |       |     2 |    45 |       |    14 ||    61
       Boomerang         |       |       |     6 |    30 |     1 ||    37
Invok: Berserk           |       |     1 |     9 |     7 |     3 ||    20
Evoke: Wand              |       |       |       |     3 |       ||     3
  Use: Scroll            |       |     6 |     1 |    12 |    13 ||    32
       Potion            |       |       |       |       |     2 ||     2
 Stab: Sleeping          |       |       |       |     2 |     4 ||     6
Armor: Animal skin       |    21 |    71 |    59 |       |       ||   151
       Robe              |       |       |   281 |   209 |       ||   490
       Troll leather arm |       |       |       |   176 |    10 ||   186
       Leather armour    |       |       |       |       |   302 ||   302
Dodge: Dodged            |    47 |    91 |   497 |   485 |   626 ||  1746
       Repelled          |       |       |     5 |     6 |    10 ||    21
Block: Other             |       |     2 |   158 |   141 |   150 ||   451
       Reflection        |       |       |     2 |     5 |    20 ||    27
       Buckler           |       |       |       |       |    44 ||    44
